 Dungeon Crawl Stone Soup version 0.17-a0-124-gc3c9679 (webtiles) character file.

259 Timpie the Skirmisher (level 5, -2/47 HPs)
             Began as a Draconian Berserker on Mar 22, 2015.
             Was an Elder of Trog.
             Slain by an ogre
             ... wielding a +0 giant spiked club
              (31 damage)
             ... on level 3 of the Dungeon.
             The game lasted 00:15:59 (2272 turns).

Timpie the Skirmisher (Draconian Berserker)         Turns: 2272, Time: 00:16:00

Health: -2/47      AC:  5    Str: 20    XL:     5   Next: 95%
Magic:  5/5        EV: 13    Int:  8    God:    Trog [****..]
Gold:   93         SH:  0    Dex: 10    Spells: 0 memorised, 4 levels left

rFire  . . .     SeeInvis .     b - +2 spear (pierce)
rCold  . . .     Clarity  .     (armour unavailable)
rNeg   . . .     SustAb   .     (no shield)
rPois  .         Gourm    .     (helmet restricted)
rElec  .         Spirit   .     (no cloak)
rCorr  .         Warding  .     (no gloves)
rMut   .         Stasis   .     (no boots)
MR     .....                    (no amulet)
Stlth  +.........               (no ring)
                                (no ring)

@: not resistant to hostile enchantments, very unstealthy
A: unfitting armour, cold-blooded, AC +5
a: Burn Spellbooks, Berserk, Trog's Hand, Brothers in Arms, Renounce Religion


You were on level 3 of the Dungeon.
You worshipped Trog.
Trog was greatly pleased with you.
You were not hungry.

You visited 1 branch of the dungeon, and saw 3 of its levels.

You collected 93 gold pieces.

Inventory:

Hand weapons
 a - a +0 hand axe
 b - a +2 spear of piercing (weapon)
 r - a +0 spear
Jewellery
 o - an uncursed ring of positive energy {unknown}
Magical devices
 c - a wand of magic darts (25)
 s - a wand of slowing (16)
Scrolls
 d - a scroll of magic mapping {unknown}
 e - a scroll of remove curse
 l - a scroll of recharging {unknown}
 p - 5 scrolls of blinking
 u - a scroll of identify {unknown}
 v - a scroll of teleportation {unknown}
Potions
 f - a potion of lignification {unknown}
 g - a potion of restore abilities {unknown}
 h - 2 potions of curing {unknown}
 i - 2 potions of brilliance {unknown}
 j - 2 potions of resistance {unknown}
 k - a potion of magic {unknown}
 m - a potion of haste {unknown}
Comestibles
 n - a fruit
 q - a meat ration


   Skills:
 + Level 4.4 Fighting
 + Level 3.8(4.1) Axes
 + Level 2.1(3.2) Polearms
 + Level 4.4 Dodging
 + Level 0.6 Stealth


You had 4 spell levels left.
You didn't know any spells.

Dungeon Overview and Level Annotations

Branches:
Dungeon (3/15)

Altars:
Gozag
Kikubaaqudgha
Qazlal
The Shining One


Innate Abilities, Weirdness & Mutations

Your plain brown scales are hard (AC +5).
Your body does not fit into most forms of armour.
Your cold-blooded metabolism reacts poorly to cold.


Message History

The bat closely misses you. The adder misses you.
You hit the adder.
You kill the adder!
Trog accepts your kill. The bat barely misses you. The bat closely misses you.
The bat barely misses you.
You puncture the bat!
You kill the bat!
Trog accepts your kill.
An ogre comes into view. It is wielding a giant spiked club.
The ogre shouts!
The ogre hits you but does no damage.
Found 14 gold pieces.
Attack whom?
Press: ? - help, Dir - move target cursor, f - ogre
Aim: an ogre, wielding a giant spiked club You reach to attack!
You barely miss the ogre.
The ogre hits you with a giant spiked club!!
Ouch! That really hurt!
You die...

###.# ###..## #.############
....# #.....#### #.............
##..####.###....# ###.####.####.
#..))##.# ####.# ##.#..#.#..#.
##.##....# #.# $#.#..).'..#.
...####..######.# .#.#'##.####.
#..# #......##.# ##.#...........
#....#..####..#.###..#.#+##.####.
#.#...... ##...@O..##.#..#.#..#.
..#....## ###....###.#[.'.'..#.
###....# ##.....#.####.##'#.
....# #.#...#........... ...#
.....##.####.##'#. !
..#...##.#..#.#..#.
.###...##.#..'.'..#.
....##.#'##.####. ...
#...........


You could see an ogre.

Vanquished Creatures
  A crimson imp (D:3)
  An orc priest (D:3)
  Natasha (thrice) (D:3)
  Jessica (D:3)
  Terence (D:3)
  Robin (D:3)
  5 adders
  A giant mite (D:1)
  A shadow imp (D:3)
  A worm (D:3)
  9 orcs (D:3)
  7 giant cockroaches
  17 goblins
  10 hobgoblins
  3 jackals (D:2)
  An ooze (D:3)
  2 ball pythons
  10 bats
  3 giant newts
  7 kobolds
  10 rats
95 creatures vanquished.

Notes
Turn   | Place    | Note
--------------------------------------------------------------
     0 | D:1      | Timpie, the Draconian Berserker, began the quest for the Orb.
     0 | D:1      | Reached XP level 1. HP: 19/19 MP: 1/1
   387 | D:1      | Reached XP level 2. HP: 26/26 MP: 2/2
   531 | D:1      | Reached XP level 3. HP: 29/33 MP: 3/3
   534 | D:1      | Acquired Trog's second power
   991 | D:2      | Reached XP level 4. HP: 37/40 MP: 4/4
  1067 | D:2      | Found a glowing golden altar of the Shining One.
  1072 | D:2      | Found an opulent altar of Gozag.
  1131 | D:2      | Found a stormy altar of Qazlal.
  1197 | D:2      | Reached skill level 4 in Fighting
  1281 | D:3      | Found an ancient bone altar of Kikubaaqudgha.
  1324 | D:3      | Noticed Natasha
  1340 | D:3      | Killed Natasha
  1447 | D:3      | Noticed Natasha
  1449 | D:3      | Noticed Jessica
  1455 | D:3      | Killed Jessica
  1455 | D:3      | Reached skill level 1 in Polearms
  1466 | D:3      | Killed Natasha
  1466 | D:3      | Reached XP level 5. HP: 17/46 MP: 5/5
  1515 | D:3      | Noticed Terence
  1523 | D:3      | Killed Terence
  1707 | D:3      | Acquired Trog's third power
  1713 | D:3      | Noticed Natasha
  1724 | D:3      | Killed Natasha
  2036 | D:3      | Noticed Robin
  2066 | D:3      | Killed Robin
  2267 | D:3      | Noticed an ogre
  2272 | D:3      | Slain by an ogre

Action                   |  1- 3 |  4- 6 || total
-------------------------+-------+-------++-------
Melee: Hand axe          |    45 |       ||    45
       Spear             |    71 |   184 ||   255
Invok: Berserk           |       |     2 ||     2
  Use: Scroll            |     4 |       ||     4
  Eat: Chunk             |       |     2 ||     2
       Bread ration      |       |     1 ||     1
       Fruit             |       |     1 ||     1
